 Dungeon Crawl Stone Soup version 0.27.0-1-g7a089689b8 (webtiles) character file.

Game seed: 11828847262321368364

100 orehx the Digger (level 4, -15/27 HPs)
             Began as an Octopode Earth Elementalist on Aug 2, 2021.
             Demolished by an orc warrior (19 damage)
             ... on level 3 of the Dungeon.
             The game lasted 00:06:53 (3922 turns).

orehx the Digger (Octopode Earth Elementalist)      Turns: 3922, Time: 00:06:53

Health: -15/27     AC:  1    Str:  7    XL:     4   Next: 74%
Magic:  7/7        EV: 13    Int: 18    God:
Gold:   80         SH:  0    Dex: 12    Spells: 3/7 levels left

rFire    . . .     SeeInvis .   m - +1 dagger (venom)
rCold    . . .     Faith    .   (no shield)
rNeg     . . .     Spirit   .   (helmet restricted)
rPois    .         Reflect  .   (no amulet)
rElec    .         Harm     .   (no ring)
rCorr    .         Rampage  .   (no ring)
Will     .....                  (no ring)
Stlth    +++.......             (no ring)
HPRegen  0.09/turn              (no ring)
MPRegen  0.10/turn              (no ring)
                                (no ring)
                                (no ring)

@: no status effects
A: almost no armour, amphibious, 8 rings, camouflage 1, gelatinous body 1,
(nimble swimmer 1), tentacles
a: no special abilities


You were on level 3 of the Dungeon.
You visited 2 branches of the dungeon, and saw 5 of its levels.

You collected 80 gold pieces.

Inventory:

Hand Weapons
 d - a +0 dagger of venom
 m - a +1 dagger of venom (weapon)
Missiles
 b - 69 stones
Magical Staves
 j - a staff of poison
Scrolls
 a - a scroll of magic mapping
 g - a scroll of enchant weapon {unknown}
 h - a scroll of noise {unknown}
 i - 2 scrolls of identify {unknown}
 k - a scroll of summoning {unknown}
 n - a scroll of brand weapon {unknown}
Potions
 c - a potion of heal wounds {unknown}
 e - 2 potions of curing {unknown}
 f - a potion of flight {unknown}
 l - a potion of haste {unknown}


   Skills:
 - Level 2.0 Dodging
 * Level 3.4 Stealth
 - Level 2.0 Spellcasting
 + Level 1.4 Conjurations
 - Level 1.0 Transmutations
 + Level 4.8 Earth Magic


You had 3 spell levels left.
You knew the following spells:

 Your Spells              Type           Power      Damage    Failure   Level
a - Sandblast             Erth           38%        2d10      2%          1
b - Stone Arrow           Conj/Erth      26%        3d8       16%         3

Your spell library contained the following spells:

 Spells                   Type           Power      Damage    Failure   Level
 Passwall                 Tmut/Erth      10%        N/A       9%          2
 Petrify                  Tmut/Erth      12%        N/A       50%         4


Dungeon Overview and Level Annotations

Branches:
Dungeon (4/15)             Temple (1/1) D:4

Altars:
Dithmenos
Fedhas
Kikubaaqudgha
Nemelex Xobeh
Qazlal
Sif Muna
Vehumet
Yredelemnul
The Shining One

Shops:
D:4 *

Annotations:
D:2 Sigmund
D:4 1 runed translucent door, exclusion: orc warrior, Crazy Yiuf


Innate Abilities, Weirdness & Mutations

You cannot wear most types of armour.
You are amphibious.
You can wear up to eight rings at the same time.
Your skin changes colour to match your surroundings (Stealth+).
Your rubbery body absorbs attacks. (AC +1, EV +1)
((You are camouflaged near water. (Stealth+)))
You have tentacles for arms and can constrict up to eight enemies at once.


Message History

You kill the orc!
Press: ? - help, v - describe, . - travel
Here: an orc warrior, wielding a +0 flail and wearing a +0 plate armour The floor.
Placed new exclusion.
There is a staircase to the Ecumenical Temple here.
The orc barely misses you.
You climb downwards.
Welcome back to the Ecumenical Temple!
There is a staircase back to the Dungeon here.
You hit the orc. You grab the orc.
The orc is heavily wounded.
You constrict the orc. The orc barely misses you.
You completely miss the orc.
The orc is severely wounded.
You constrict the orc. The orc barely misses you.
You hit the orc.
You kill the orc!
You see here a +0 vorpal hand axe.
There is a staircase back to the Dungeon here.
You start resting.
Magic restored.
You start resting.
HP restored.
You climb upwards.
Welcome back to the Dungeon!
Level annotation: 1 runed translucent door, exclusion: orc warrior, Crazy Yiuf The orc closely misses you.
The orc warrior barely misses you. The orc hits you with a +0 flail!
There is a staircase to the Ecumenical Temple here.
The orc warrior misses you.
There is a stone staircase leading up here.
The orc warrior hits you with a +0 flail!
Ouch! That really hurt!
* * * LOW HITPOINT WARNING * * *
You climb upwards.
There is a stone staircase leading down here.
Okay, then.
Okay, then.
The orc warrior hits you with a +0 flail!!
Ouch! That really hurt!
You die...

#.#####....##.##.#####
#### #
#.##........#.##.....#
#... #
#.##....>.#.#.######.#
#.## # #.##......#...#
#.# #.## #
#.##......##..#
#.######.## #
#.##......##.)#
#.##....... #
#.##......##..#
#.##.###.#.
####.##......##o.#
#.##.# #.#.
.....#..........@#
#.##.###.#.
######.......#####
#.#.....[#. #
#.###...# #.########.
# #.# #...#
#.......... # #.#
#...# ########### #
#.# ##### ######.#
.......# ########


You could see an orc warrior.

Vanquished Creatures
  A gnoll (D:4)
  2 adders (D:2)
  3 orcs
  7 ball pythons
  5 bats
  8 endoplasms
  4 giant cockroaches
  6 goblins
  2 hobgoblins
  7 jackals
  8 kobolds
  3 quokkas
  2 frilled lizards
  6 rats
64 creatures vanquished.

Notes
Turn   | Place    | Note
-------+----------+-------------------------------------------
     0 | D:1      | orehx the Octopode Earth Elementalist began the quest for
                  | the Orb.
     0 | D:1      | Reached XP level 1. HP: 11/11 MP: 3/3
   342 | D:1      | Reached XP level 2. HP: 17/17 MP: 3/5
   345 | D:1      | Found a faded altar of an unknown god.
   525 | D:1      | Reached skill level 4 in Earth Magic
   575 | D:1      | Reached XP level 3. HP: 9/21 MP: 4/6
  1453 | D:2      | Learned a level 3 spell: Stone Arrow
  1494 | D:2      | Reached XP level 4. HP: 20/27 MP: 7/7
  1601 | D:2      | Reached skill level 1 in Conjurations
  1676 | D:2      | Noticed Sigmund
  3581 | D:4      | Found Irukhaz's Assorted Antiques.
  3626 | D:4      | Found a staircase to the Ecumenical Temple.
  3636 | Temple   | Entered the Ecumenical Temple
  3790 | D:4      | Found a runed translucent door.
  3791 | D:4      | Noticed Crazy Yiuf
  3828 | D:4      | Noticed an orc warrior
  3922 | D:3      | Demolished by an orc warrior

Illustrated notes

Levels and vault maps discovered:
D:1:      roderic_octagonal_star, layout_rooms,
          chequers_ecumenical_altar_simple_redux
D:2:      layout_basic, minmay_pentomino_s2, uniq_sigmund
D:3:      layout_basic, minivault_26
D:4:      layout_cave_pools, kennysheep_little_box, zin_angel,
          lemuel_tele_altar, kennysheep_okawaru_gauntlet,
          minmay_temple_entry_butterflies, serial_shops, nicolae_shop_stone,
          uniq_crazy_yiuf_cottage
Temple:   nicolae_temple_figure_zero

Skill      XL: |  1  2  3  4 |
---------------+-------------+-----
Earth Magic    | 4 |  4.8
Conjurations   | 1 |  1.4
Stealth        | 3 |  3.4
Dodging        | |  2.0
Spellcasting   | |  2.0
Transmutations | |  1.0

Action                   |  1- 3 |  4- 6 || total
-------------------------+-------+-------++-------
Melee: Unarmed           |    14 |       ||    14
       Constrict         |    16 |    11 ||    27
       Tentacles         |    14 |     7 ||    21
       Dagger            |    53 |    49 ||   102
 Cast: Sandblast         |    14 |    14 ||    28
  Use: Scroll            |     1 |       ||     1
 Stab: Sleeping          |     7 |     4 ||    11
Armor: Skin              |    12 |     3 ||    15
Dodge: Dodged            |    49 |    31 ||    80
